 Dungeon Crawl Stone Soup version 0.29.1-2-gbd0b4ee654 (webtiles) character file.

Game seed: 4425954894815020518

30 Ihaveafatcat the Trooper (level 3, -4/33 HPs)
             Began as a Hill Orc Fighter on Nov 18, 2022.
             Slain by Sigmund
             ... wielding a +0 scythe
              (6 damage)
             ... on level 2 of the Dungeon.
             The game lasted 00:01:15 (1022 turns).

Ihaveafatcat the Trooper (Hill Orc Fighter)         Turns: 1022, Time: 00:01:16

Health: -4/33      AC:  7    Str: 20    XL:     3   Next: 18%
Magic:  3/3        EV:  9    Int:  8    God:
Gold:   61         SH:  0    Dex: 10    Spells: 2/2 levels left

rFire   . . .      SeeInvis .   a - +0 war axe
rCold   . . .      Faith    .   c - +0 buckler
rNeg    . . .      Spirit   .   b - +0 scale mail
rPois   .          Reflect  .   (no helmet)
rElec   .          Harm     .   (no cloak)
rCorr   .          Rampage  .   (no gloves)
Will    .....                   (no boots)
Stlth   ..........              (no amulet)
HPRegen 0.11/turn               (no ring)
MPRegen 0.08/turn               (no ring)

@: confused
A: no striking features
a: no special abilities


You were on level 2 of the Dungeon.
You visited 1 branch of the dungeon, and saw 2 of its levels.

You collected 61 gold pieces.

Inventory:

Hand Weapons
 a - a +0 war axe (weapon)
Armour
 b - a +0 scale mail (worn)
 c - a +0 buckler (worn)
Jewellery
 g - an amulet of reflection
 h - a +4 ring of slaying
 i - an amulet of the acrobat
Scrolls
 e - 3 scrolls of identify {unknown}
 f - a scroll of fear {unknown}
Potions
 d - a potion of might


   Skills:
 + Level 4.0 Fighting
 + Level 3.1 Axes
 + Level 3.7 Armour
 + Level 0.4 Dodging
 + Level 3.5 Shields


You had 2 spell levels left.
You didn't know any spells.
Your spell library was empty.

Dungeon Overview and Level Annotations

Branches:
Dungeon (1/15)

Altars:

Annotations:
D:2 Sigmund


Message History

Sigmund hits you with a +0 scythe.
You closely miss Sigmund.
Sigmund laughs darkly.
Sigmund barely misses you.
You hit Sigmund.
Sigmund is lightly wounded.
Sigmund hits you with a +0 scythe.
You hit Sigmund.
Sigmund is moderately wounded.
Sigmund hits you but does no damage.
You completely miss Sigmund.
Sigmund is moderately wounded.
You block Sigmund's attack.
You barely miss Sigmund.
Sigmund is moderately wounded.
Sigmund casts a spell at you.
You are confused.
Sigmund hits you with a +0 scythe.
You are too confused!
You are too confused!
Sigmund closely misses you.
You are too confused!
You are too confused!
You're too confused to move!
Sigmund casts a spell.
Sigmund flickers and vanishes!
Deactivating autopickup; reactivate with Ctrl-A.
You completely miss something. Something hits you!
You are too injured to fight recklessly!
You are too injured to fight recklessly!
You closely miss something.
You feel less confused. Something hits you.
You hear some strange, mumbled words.
You are confused.
Found a fizzy red potion.
Something hits you!
* * * LOW HITPOINT WARNING * * *
You're too confused to move!
Something hits you.
You die...

. .# #.# ##. .. #.#
... . # #.. #.#.#.#
########## # #.#.#.
#......... #.##....
#.......## #!...#.#
#.......#
#.#.#####.......#
###@......+.......#
#.....#####.......#
#.....# #.......##
#.....# #....(....
#.....# #.........
#####.######.###....
#...............
########.###.... #.#
...


There were no monsters in sight!

Vanquished Creatures
  An adder (D:2)
  3 endoplasms (D:1)
  2 giant cockroaches (D:1)
  2 goblins (D:1)
  A hobgoblin (D:2)
  3 quokkas
  3 ball pythons
  A frilled lizard (D:1)
  2 rats (D:1)
18 creatures vanquished.

Notes
Turn   | Place    | Note
-------+----------+-------------------------------------------
     0 | D:1      | Ihaveafatcat the Hill Orc Fighter began the quest for the
                  | Orb.
     0 | D:1      | Reached XP level 1. HP: 19/19 MP: 1/1
   313 | D:1      | Reached XP level 2. HP: 27/27 MP: 2/2
   638 | D:1      | You fall into a shaft and drop 1 floor!
   667 | D:2      | Reached skill level 4 in Fighting
   667 | D:2      | Reached XP level 3. HP: 22/33 MP: 3/3
  1000 | D:2      | Noticed Sigmund
  1021 | D:2      | HP: 1/33 [something (9)]
  1022 | D:2      | Slain by Sigmund

Illustrated notes

Levels and vault maps discovered:
D:1:      dpeg_arrival_signposts, layout_basic, hex_large
D:2:      layout_basic, uniq_terence, uniq_sigmund

Skill      XL: |  1  2 |
---------------+-------+-----
Fighting       | 4 |  4.0
Axes           | 3 |  3.1
Armour         | |  3.7
Dodging        | |  0.4
Shields        | |  3.5

Action                   || total
-------------------------++-------
Melee: War axe           ||    69
Armor: Scale mail        ||    29
Dodge: Dodged            ||    32
Block: Buckler           ||    12
